 Dungeon Crawl Stone Soup version 0.28.0-47-ge53b351184 (webtiles) character file.

Game seed: 17493649670335739196

2132 101zpm the Thaumaturge (level 9, 0/58 HPs)
             Began as a Djinni Ice Elementalist on Apr 26, 2022.
             Was an Initiate of Makhleb.
             Slain by an orc warrior
             ... wielding a +0 mace
              (8 damage)
             ... on level 6 of the Dungeon.
             The game lasted 00:24:00 (9038 turns).

101zpm the Thaumaturge (Djinni Ice Elementalist)    Turns: 9038, Time: 00:24:00

Health: 0/58       AC: 13    Str:  7    XL:     9   Next: 55%
Gold:   359        EV: 13    Int: 26    God:    Makhleb [......] SH:  0 Dex: 15

rFire   + + .      SeeInvis .   n - +4 quarterstaff (chaos)
rCold   . . .      Faith    .   (shield currently unavailable)
rNeg    . . .      Spirit   .   a - +0 robe
rPois   ∞          Reflect  .   (no helmet)
rElec   .          Harm     .   o - +0 cloak {Stlth+}
rCorr   .          Rampage  .   t - +0 pair of gloves
Will    .....                   (boots unavailable)
Stlth   +++.......              (no amulet)
HPRegen 0.19/turn               f - ring of protection from cold
MPRegen 0.00/turn               v - +6 ring of intelligence

@: ice-armoured, freezing walls, flying
A: sickness immunity, fire resistance 2, cold vulnerability 1, float, innate
caster, HP casting, extra vitality 1
a: Renounce Religion


You were on level 6 of the Dungeon.
You worshipped Makhleb.
Makhleb was noncommittal.
You visited 2 branches of the dungeon, and saw 7 of its levels.

You collected 359 gold pieces.

Inventory:

Hand Weapons
 n - a +4 quarterstaff of chaos (weapon)
Armour
 a - a +0 robe (worn)
 o - a +0 cloak of stealth (worn)
 t - a +0 pair of gloves (worn)
 y - a +0 tower shield
Magical Staves
 p - a staff of air
Jewellery
 f - a ring of protection from cold (left hand)
 u - a ring of resist corrosion
 v - a +6 ring of intelligence (right hand)
 w - a ring of fire
Wands
 r - a wand of flame (8)
Scrolls
 b - a scroll of silence
 g - 2 scrolls of vulnerability
 h - 2 scrolls of fear
 l - 2 scrolls of teleportation
 m - a scroll of enchant weapon
 s - a scroll of magic mapping {unknown}
 x - a scroll of enchant armour {unknown}
Potions
 d - a potion of magic {unknown}
 e - a potion of brilliance {unknown}
 i - 5 potions of curing {unknown}
 j - a potion of mutation {unknown}
 k - a potion of berserk rage {unknown}
 q - a potion of degeneration {unknown}


   Skills:
 + Level 2.0 Fighting
 + Level 3.4 Staves
 + Level 3.7 Dodging
 + Level 3.5 Stealth
 + Level 8.5 Spellcasting


You had 4 spell levels left.
You knew the following spells:

 Your Spells              Type           Power      Damage    Failure   Level
a - Freeze                Ice            100%       1d11      1%          1
b - Frozen Ramparts       Ice            100%       1d12      1%          3
c - Ozocubu's Armour      Ice            53%        N/A       1%          3
d - Hailstorm             Conj/Ice       53%        3d12      1%          4
e - Summon Small Mammal   Summ           100%       N/A       1%          1
f - Blink                 Tloc           100%       N/A       1%          2
g - Dazzling Flash        Conj/Hex       100%       N/A       1%          3
h - Summon Lightning Spi  Summ/Air       53%        N/A       1%          4
Your spell library was empty.

Dungeon Overview and Level Annotations

Branches:
Dungeon (6/15)             Temple (1/1) D:4

Altars:
Ashenzari
Cheibriados
Dithmenos
Elyvilon
Fedhas
Gozag
Hepliaklqana
Kikubaaqudgha
Makhleb
Nemelex Xobeh
Okawaru
Qazlal
Ru
Sif Muna
Trog
Uskayaw
Vehumet
Wu Jian
Xom
Yredelemnul
Zin
The Shining One

Annotations:
D:4 3 runed translucent doors, 101zpm's ghost, novice DjIE; dandone's ghost, amateur GrFi


Innate Abilities, Weirdness & Mutations

You are immune to sickness and miasma.
You are immune to poison.
Your flesh is very heat resistant. (rF++)
You are vulnerable to cold. (rC-)
You float through the air rather than walking.
You learn spells naturally, not from books.
Your magical power is your life essence.
You have superior vitality. (+4 MHP)


Message History

Confirm with . or Enter, or press ? or * to list all spells.
Casting: Frozen Ramparts (safe; 1% risk of failure)
Press: ? - help, Dir - look around, f - activate The walls around you are covered in ice.
The bullfrog skeleton misses you.
The wall freezes the orc!
You kill the orc!
Makhleb accepts your kill.
Your quokka bites the bullfrog skeleton.
The bullfrog skeleton closely misses you.
The wall freezes the orc!
You kill the orc!
Makhleb accepts your kill.
The wall freezes the orc warrior!
You are too injured to fight recklessly!
Casting: Frozen Ramparts (safe; 1% risk of failure)
Confirm with . or Enter, or press ? or * to list all spells.
A film of ice covers your body!
Your quokka bites the bullfrog skeleton.
The bullfrog skeleton is destroyed!
Makhleb accepts your kill.
The wall freezes the orc warrior.
Casting: Ozocubu's Armour (safe; 1% risk of failure)
Confirm with . or Enter, or press ? or * to list all spells.
What are your orders? t - Shout!
Orders for allies: a - Attack new target. r - Retreat! s - Stop attacking. g - Guard the area. f - Follow me.
Anything else - Cancel.
Gang up on whom?
Press: ? - help, Dir - move target, f - orc warrior
Aim: an orc warrior, wielding a +0 mace and wearing a +0 plate armour (moderately wounded, ally target) Attack!
The wall freezes the orc warrior!
The orc warrior hits you with a +0 mace!
* * * LOW HITPOINT WARNING * * *
Your quokka bites the orc warrior but does no damage. x2
Your quokka barely misses the orc warrior.
The wall freezes the orc warrior.
The orc warrior hits you with a +0 mace!
You die...

#.........#
#..8.§..o.#
#........o#
######'##.######
#.....o....#
#<...#o....#
#....#.....#
###+##########.....#
.......@or....8....#
........r.!........#
..........!........#
...................#
...................#
###########+########


You could see an orc warrior (ally target), a friendly lightning spire
(summoned) and 2 friendly quokkas.

Vanquished Creatures
  Pikel (D:4)
  Eustachio (D:4)
  A steam dragon (D:4)
  2 ogres
  3 lemures (D:4)
  A bullfrog zombie (D:5)
  2 hounds (D:5)
  2 orc priests
  Crazy Yiuf (D:2)
  A centaur skeleton (D:5)
  3 iguanas
  Terence (D:2)
  2 orc wizards (D:4)
  A howler monkey zombie (D:5)
  A gnoll (D:5)
  6 adders
  A white imp (D:5)
  An ufetubus (D:4)
  A worm (D:2)
  3 dart slugs
  8 orcs
  8 endoplasms
  4 giant cockroaches
  8 goblins
  9 hobgoblins
  4 jackals
  3 quokkas
  2 ball pythons
  4 bats
  3 frilled lizards
  9 kobolds
  9 rats
  A spectral kobold (D:3)
107 creatures vanquished.

Vanquished Creatures (collateral kills)
  An ice beast (D:5)
  An orc warrior (D:5)
  2 necrophages
  A centaur (D:5)
  A phantom (D:5)
  A scorpion (D:5)
  2 bullfrog skeletons
  A centaur skeleton (D:5)
  An iguana (D:5)
  A hound zombie (D:5)
  A shadow imp (D:5)
  An ufetubus (D:6)
  2 dart slugs (D:5)
  3 orcs
19 creatures vanquished.

Grand Total: 126 creatures vanquished

Notes
Turn   | Place    | Note
-------+----------+-------------------------------------------
     0 | D:1      | 101zpm the Djinni Ice Elementalist began the quest for the
                  | Orb.
     0 | D:1      | Reached XP level 1. HP: 15/15 MP: 0/0
   163 | D:1      | Reached XP level 2. HP: 12/21 MP: 0/0
   704 | D:1      | Reached XP level 3. HP: 19/25 MP: 0/0
   704 | D:1      | Learned a level 1 spell: Summon Small Mammal
  1318 | D:1      | Reached skill level 4 in Spellcasting
  1685 | D:2      | Reached XP level 4. HP: 27/31 MP: 0/0
  2159 | D:2      | Noticed Terence
  2196 | D:2      | Killed Terence
  2201 | D:2      | Reached XP level 5. HP: 10/35 MP: 0/0
  2201 | D:2      | Learned a level 2 spell: Blink
  2820 | D:2      | Found a runed translucent door.
  2821 | D:2      | Noticed Crazy Yiuf
  3413 | D:3      | Found a faded altar of an unknown god.
  4052 | D:2      | Killed Crazy Yiuf
  4347 | D:4      | Reached skill level 5 in Spellcasting
  4347 | D:4      | Reached XP level 6. HP: 10/41 MP: 0/0
  5065 | D:4      | Noticed Pikel
  5078 | D:4      | Killed Pikel
  5079 | D:4      | Reached skill level 6 in Spellcasting
  5079 | D:4      | Reached XP level 7. HP: 28/46 MP: 0/0
  5079 | D:4      | Learned a level 3 spell: Dazzling Flash
  5210 | D:4      | Found a staircase to the Ecumenical Temple.
  5213 | D:4      | Found a runed translucent gate.
  5214 | D:4      | Found a runed translucent gate.
  5214 | D:4      | Found a runed translucent gate.
  5344 | D:4      | Reached XP level 8. HP: 50/51 MP: 0/0
  5361 | D:4      | Noticed Eustachio
  5397 | D:4      | Killed Eustachio
  5398 | D:4      | Reached skill level 7 in Spellcasting
  5958 | D:4      | Noticed dandone's ghost (amateur GrFi)
  6252 | D:4      | Reached skill level 1 in Fighting
  6252 | D:4      | Reached skill level 1 in Staves
  6561 | D:4      | Noticed 101zpm's ghost (novice DjIE)
  6571 | Temple   | Entered the Ecumenical Temple
  7200 | Temple   | Became a worshipper of Makhleb the Destroyer
  7262 | D:5      | Entered Level 5 of the Dungeon
  7382 | D:5      | Found a shadowy altar of Dithmenos.
  7560 | D:5      | Reached XP level 9. HP: 56/57 MP: 0/0
  7560 | D:5      | Learned a level 4 spell: Summon Lightning Spire
  7590 | D:5      | Reached skill level 8 in Spellcasting
  9038 | D:6      | Slain by an orc warrior

Illustrated notes

Levels and vault maps discovered:
D:1:      co_arrival_random_square_maze, layout_basic, minmay_tetromino_o4
D:2:      layout_loops_corners, nicolae_concentric_dashed_squares_mild,
          minmay_tree_intersection, uniq_terence, uniq_crazy_yiuf_cottage
D:3:      layout_loops_ring, dreamdust_ecumenical_altar_drowned_temple
D:4:      layout_loops_ring, temple_statues, gammafunk_ghost_cemetery,
          minivault_19, minmay_quantized, uniq_pikel, uniq_eustachio
D:5:      minmay_opposing_rooms, layout_gridville,
          nicolae_dithmenos_shadow_blocks, st_stairs_7
D:6:      layout_gridville
Temple:   nicolae_temple_the_god_donut

Skill      XL: |  1  2  3  4  5  6  7  8  9 |
---------------+----------------------------+-----
Spellcasting   | 4 5 6 7 8 |  8.5
Stealth        | 2 3 |  3.5
Fighting       | 1 2 |  2.0
Staves         | 2 3 |  3.4
Dodging        | 3 |  3.7

Action                   |  1- 3 |  4- 6 |  7- 9 || total
-------------------------+-------+-------+-------++-------
Melee: Unarmed           |       |     1 |       ||     1
       Quarterstaff      |       |       |    58 ||    58
 Cast: Freeze            |    52 |    59 |     9 ||   120
       Frozen Ramparts   |       |     6 |    20 ||    26
       Ozocubu's Armour  |       |     4 |     5 ||     9
       Summon Small Mamm |       |    17 |    56 ||    73
       Hailstorm         |       |     1 |       ||     1
       Summon Lightning  |       |       |    13 ||    13
  Use: Scroll            |       |       |     5 ||     5
 Stab: Distracted        |       |       |     1 ||     1
Armor: Robe              |     7 |     9 |    20 ||    36
Dodge: Dodged            |    25 |    25 |    57 ||   107
